 Dungeon Crawl Stone Soup version 0.28.0 (webtiles) character file.

Game seed: 10136792654045936729

156156 chmiii the Warrior (level 17, -26/168 (171) HPs)
             Began as a Troll Hunter on Feb 10, 2022.
             Was a Plaything of Xom.
             Killed by the raging water
             ... invoked by a water nymph
              (34 damage)
             ... on level 2 of the Shoals on Feb 11, 2022.
             The game lasted 04:13:54 (30263 turns).

chmiii the Warrior (Troll Hunter)                  Turns: 30263, Time: 04:13:54

HP:   -26/168 (171) AC: 18    Str: 28    XL:     17   Next: 10%
MP:   16/16         EV:  8    Int:  9    God:    Xom [...*..]
Gold: 1343          SH:  0    Dex: 18    Spells: 16/16 levels left

rFire   + . .      SeeInvis +   R - +3 dire flail (chaos)
rCold   + . .      Faith    .   (shield currently unavailable)
rNeg    . . .      Spirit   .   k - +2 swamp dragon scales
rPois   +          Reflect  .   (helmet restricted)
rElec   .          Harm     .   w - scarf {rC+ rF+}
rCorr   .          Rampage  .   (gloves unavailable)
Will    +....                   (boots unavailable)
Stlth   +.........              s - amulet of the acrobat
HPRegen 1.18/turn               o - +6 ring of dexterity
MPRegen 0.15/turn               u - +4 ring of protection

@: spiked, held, studying Polearms, lightly drained, very slow
A: large, unfitting armour, claws 3, regeneration 1, shaggy fur 1, tough skin 1,
talons 1, see invisible, clever 1, clumsy 1, frail 1, sense surroundings 1,
strong 1
a: Renounce Religion


You were on level 2 of the Shoals.
You worshipped Xom.
You were a favourite toy of Xom.
You visited 5 branches of the dungeon, and saw 27 of its levels.
You also visited: Ossuary and Bailey.

You collected 2903 gold pieces.
You spent 1560 gold pieces at shops.

Inventory:

Hand Weapons
 a - a +4 dire flail
 b - a +2 hunting sling of flaming
 R - a +3 dire flail of chaos (weapon)
Missiles
 c - 14 large rocks (quivered)
 f - 150 sling bullets
 h - a throwing net
 l - 44 poisoned darts
 p - a javelin
 z - 3 boomerangs of dispersal
 E - 36 boomerangs
 G - 4 curare-tipped darts
 J - 6 atropa-tipped darts
 V - 3 silver javelins
Armour
 k - +2 swamp dragon scales (worn)
 w - a scarf of resistance (worn)
Jewellery
 o - a +6 ring of dexterity (left claw)
 r - the ring "Leph" {rPois rCorr Dex+2}
   (You found it on level 3 of the Dungeon)

   [ring of poison resistance]

   Dex:       It affects your dexterity (+2).
   rPois:     It protects you from poison.
   rCorr:     It protects you from acid and corrosion.
 s - an amulet of the acrobat (around neck)
 u - a +4 ring of protection (right claw)
 O - a ring of flight
Wands
 g - a wand of acid (5)
 i - a wand of mindburst (13)
 D - a wand of flame (70)
 H - a wand of paralysis (23)
 U - a wand of polymorph (10)
Scrolls
 d - a scroll of enchant armour
 e - a scroll of fear
 q - 4 scrolls of immolation
 t - 4 scrolls of magic mapping
 y - 2 scrolls of blinking
 C - 5 scrolls of fog
 F - 8 scrolls of teleportation
 I - 2 scrolls of amnesia
 K - 5 scrolls of identify
 N - 2 scrolls of holy word
Potions
 j - a potion of invisibility
 m - 11 potions of curing
 n - 5 potions of heal wounds
 v - 3 potions of flight
 A - 6 potions of lignification
 B - 3 potions of might
 M - 6 potions of cancellation
 P - 2 potions of resistance
 W - a potion of berserk rage
Miscellaneous
 Q - a tin of tremorstones (1/2)


   Skills:
 + Level 17.1 Fighting
 + Level 15.4 Maces & Flails
 - Level 6.0 Throwing
 * Level 11.4 Armour
 - Level 13.2 Dodging
 - Level 0.3 Stealth
 + Level 4.7 Evocations


You had 16 spell levels left.
You didn't know any spells.
Your spell library contained the following spells:

 Spells                   Type           Power      Damage    Failure   Level
 Animate Skeleton         Necr           0%         N/A       47%         1
 Apportation              Tloc           0%         N/A       47%         1
 Foxfire                  Conj/Fire      0%         2x1d4     47%         1
 Pain                     Necr           0%         1d4       47%         1
 Summon Small Mammal      Summ           0%         N/A       47%         1
 Scorch                   Fire           0%         2d5       63%         2
 Static Discharge         Conj/Air       0%         N/A       63%         2
 Sublimation of Blood     Necr           0%         N/A       63%         2
 Conjure Flame            Conj/Fire      0%         6-21      85%         3
 Ignite Poison            Fire/Tmut/Pois 0%         N/A       85%         3
 Inner Flame              Hex/Fire       0%         N/A       85%         3
 Mephitic Cloud           Conj/Pois/Air  0%         N/A       85%         3
 Portal Projectile        Hex/Tloc       0%         N/A       85%         3
 Stone Arrow              Conj/Erth      0%         3d7       85%         3
 Vampiric Draining        Necr           0%         2d6       85%         3
 Animate Armour           Summ/Erth      0%         N/A       99%         4
 Animate Dead             Necr           0%         N/A       99%         4
 Dispel Undead            Necr           0%         3d6       99%         4
 Flame Wave               Conj/Fire      0%         2d4       99%         4
 Passage of Golubria      Tloc           0%         N/A       99%         4
 Petrify                  Tmut/Erth      0%         N/A       99%         4
 Sticky Flame             Conj/Fire      0%         2d3       99%         4
 Agony                    Necr           0%         N/A       100%        5
 Blade Hands              Tmut           0%         N/A       100%        5
 Borgnjor's Vile Clutch   Necr/Erth      0%         N/A       100%        5
 Excruciating Wounds      Necr           0%         N/A       100%        5
 Freezing Cloud           Conj/Ice/Air   0%         6-21      100%        5
 Irradiate                Conj/Tmut      0%         3d14      100%        5
 Silence                  Hex/Air        0%         N/A       100%        5
 Death Channel            Necr           0%         N/A       100%        6
 Summon Cactus Giant      Summ           0%         N/A       100%        6
 Lehudib's Crystal Spear  Conj/Erth      0%         10d2      100%        8


Dungeon Overview and Level Annotations

Branches:
Dungeon (15/15)            Temple (0/1) D:6            Lair (6/6) D:9
 Shoals (2/4) Lair:4        Snake (2/4) Lair:3        Slime (0/5) Lair:5
    Orc (2/2) D:9             Elf (0/3) Orc:2        Vaults (0/5) D:13
 Depths (0/4) D:15        Ossuary (visited)          Bailey (visited)

Altars:
Ashenzari
Dithmenos
Hepliaklqana
Kikubaaqudgha
Makhleb
Okawaru
Sif Muna
Xom
The Shining One
Beogh
Jiyva

Shops:
D:1 :   D:7 =   D:9 (   D:12 *   Orc:2 [*:(   Snake:1 ([

Annotations:
Snake:1 3 runed translucent doors, exclusion: downstairs


Innate Abilities, Weirdness & Mutations

You are too large for most types of armour.
You have claws for hands.
Your natural rate of healing is unusually fast.
You are covered in fur. (AC +1)
You have tough skin. (AC +1)
You have sharp toenails.
You have supernaturally acute eyesight. (SInv)
Your mind is acute. (Int +2)
You are clumsy. (Dex -2)
You are frail. (-10% HP)
You passively map a small area around you.
Your muscles are strong. (Str +2)


Message History

The merfolk is severely wounded.
You hear a splash.
The faun shoots a stone.
The stone closely misses you.
The merfolk throws a throwing net.
The throwing net hits you.
You become entangled in the net!
The water nymph's watery aura covers the stone staircase leading up.
Splash!
You fall into the shallow water.
Moving in this stuff is going to be slow.
The faun shoots a stone.
The stone barely misses you.
The faun shoots a stone.
The stone hits you!
A manticore comes into view.
The water nymph points at you and mumbles some strange words.
The water swirls and strikes you!!
You tear a large gash into the net.
The merfolk hits you but does no damage.
The faun shoots a stone.
The stone hits you!
The faun shoots a stone.
The stone hits you! The water nymph touches you. The water nymph drowns you!
You struggle against the net.
The merfolk barely misses you.
The faun shoots a stone.
The stone barely misses you.
The faun shoots a stone.
The stone hits you! The water nymph touches you. The water nymph drowns you!
* * * LOW HITPOINT WARNING * * *
You can't go up here!
Your magical effects are unravelling.
You feel magically purged.
You feel your willpower return.
The merfolk hits you from afar with a +0 trident!
* * * LOW HITPOINT WARNING * * *
The faun shoots a stone.
The stone hits you!
* * * LOW HITPOINT WARNING * * *
The manticore flicks its tail.
The volley of spikes hits you!
The barbed spikes become lodged in your body.
* * * LOW HITPOINT WARNING * * *
The faun shoots a stone.
The stone hits you!
* * * LOW HITPOINT WARNING * * *
The water nymph gestures at you while chanting.
The water swirls and strikes you!!
You die...
Xom chortles!

≈ , * , ≈ ...
##..≈≈≈.... ,
...##..c≈≈≈≈...
,,
.....(≈≈≈≈≈.≈≈≈
, , ,
...c≈≈(≈≈≈≈≈≈ ,
, ,
....≈≈≈(≈≈≈≈, ≈
≈ ≈ ,
#...≈m≈≈H≈≈ ,
#....≈≈≈≈≈
#@≈≈.≈≈≈≈ ≈ , *
#.m≈≈≈≈≈≈ , ,,
..≈≈≈≈≈≈≈≈
?..≈≈≈≈≈≈≈
...≈.≈≈≈≈≈≈ , ,
#...≈..≈≈≈..
....≈....... ≈
.....≈.####..
≈, , , ,


You could see a merfolk, 2 fauns, a manticore and a water nymph.

Vanquished Creatures
  Rupert (D:11)
  Jorgrun (Orc:2)
  A kraken (Shoals:1)
  A frost giant (Orc:2)
  2 nagarajas (Snake:2)
  An emperor scorpion (Lair:6)
  An orc warlord (Bailey)
  A very ugly thing (Shoals:1)
  3 dire elephants (Lair:6)
  A merfolk javelineer (Shoals:1)
  Josephine (Orc:1)
  4 vault guards (D:13)
  4 naga warriors (Snake:2)
  17 hydras
  2 ogre magi
  A merfolk aquamancer (Shoals:1)
  3 anacondas
  7 boulder beetles
  21 two-headed ogres
  A catoblepas (D:15)
  3 centaur warriors
  9 death yaks
  10 naga sharpshooters
  2 orc high priests
  A shock serpent (Snake:1)
  Sonja (Lair:2)
  6 skeletal warriors (D:13)
  A fire crab (Lair:6)
  2 spectral death yaks (Lair:6)
  A spectral anaconda (Lair:6)
  2 naga ritualists (Snake:1)
  A sea snake (Shoals:1)
  An obsidian statue (Lair:6)
  2 lindwurms (Lair:1)
  2 wizards (D:15)
  2 deep elf pyromancers
  3 mana vipers
  3 necromancers
  11 ugly things
  A wolf spider zombie (D:15)
  2 deep elf zephyrmancers (D:15)
  4 orc knights
  4 cyclopes
  5 manticores
  3 fauns (Shoals:1)
  2 orc sorcerers (Orc:2)
  3 salamanders
  18 elephants
  3 merfolk sirens
  7 naga magi
  A guardian serpent (Snake:1)
  A guardian serpent (shapeshifter) (D:14)
  Maurice (D:10)
  10 black mambas
  A torpor snail (Lair:4)
  6 cane toads
  A gargoyle (D:14)
  3 dire elephant skeletons (Lair:6)
  A rime drake (shapeshifter) (D:14)
  2 rime drakes
  A freezing wraith (D:14)
  2 unseen horrors
  An efreet (D:14)
  8 komodo dragons
  2 yaktaurs (D:15)
  A kobold demonologist (D:12)
  3 tengu conjurers
  7 merfolk (Shoals:1)
  6 trolls
  A tarantella (shapeshifter) (D:13)
  2 hornets
  9 dream sheep
  21 blink frogs
  11 slime creatures
  A shapeshifter (Orc:2)
  A spectral elephant (Lair:6)
  6 snapping turtles (Shoals:1)
  8 water elementals
  2 vampires
  A dire elephant simulacrum (Lair:6)
  7 wraiths
  A shadow (D:9)
  43 yaks
  3 wyverns
  7 basilisks
  2 steam dragons
  A spectral cane toad (Lair:6)
  23 vampire mosquitoes
  10 nagas
  4 wargs (Orc:1)
  3 swamp worms
  13 water moccasins
  30 orc warriors
  5 black bears
  2 necrophages (D:4)
  An elephant zombie (Lair:6)
  10 centaurs
  10 ogres
  22 wolves
  4 elephant skeletons (Lair:6)
  2 phantoms
  12 bullfrogs
  3 scorpions (D:10)
  5 killer bees (D:11)
  A water moccasin skeleton (D:5)
  5 wights (D:6)
  5 howler monkeys
  A bullfrog zombie (D:7)
  4 centaur zombies
  4 jellies
  4 centaur skeletons
  A gnoll shaman (D:6)
  15 orc priests
  2 hounds
  Jessica (D:2)
  5 iguanas
  18 orc wizards
  2 killer bee zombies (D:7)
  8 mummies (Ossuary)
  2 howler monkey zombies
  12 adders
  21 gnolls
  2 ufetubi
  2 adder skeletons
  A worm (D:3)
  3 dart slugs
  55 orcs
  2 ball pythons
  10 bats
  8 endoplasms
  2 giant cockroaches
  20 goblins
  8 hobgoblins
  3 jackals (D:1)
  6 frilled lizards
  4 hobgoblin zombies (Ossuary)
  16 kobolds
  A kobold zombie (Ossuary)
  3 orc zombies (Ossuary)
  A rat (D:2)
  4 tentacles (Shoals:1)
795 creatures vanquished.

Vanquished Creatures (collateral kills)
  A sea snake (Shoals:1)
  A necromancer (Lair:6)
  A black mamba (Snake:1)
  A centaur zombie (D:15)
  A rime drake (Lair:4)
  A komodo dragon (Lair:3)
  A wind drake (Shoals:1)
  5 slime creatures (D:14)
  2 blink frogs
  A naga (Snake:1)
  A howler monkey (D:14)
  An orc wizard (D:6)
  An orc (D:6)
18 creatures vanquished.

Vanquished Creatures (others)
  An ugly thing (Shoals:1)
  A wolf (Lair:6)
  A scorpion (D:4)
  An electric eel (D:14)
  An adder (D:4)
  2 orcs (Orc:2)
  A bush (Lair:6)
  42 fungi
  65 plants
  50 tentacles (Shoals:1)
  23 withered plants (Lair:6)
188 creatures vanquished.

Grand Total: 1001 creatures vanquished

Notes
Turn   | Place    | Note
-------+----------+-------------------------------------------
     0 | D:1      | chmiii the Troll Hunter began the quest for the Orb.
     0 | D:1      | Reached XP level 1. HP: 19/19 MP: 0/0
   136 | D:1      | Reached XP level 2. HP: 20/28 MP: 1/1
   170 | D:1      | Found a faded altar of an unknown god.
   178 | D:1      | Prayed at the altar of an unknown god.
   178 | D:1      | Became a worshipper of Xom of Chaos
   183 | D:1      | XOM: silly message
   219 | D:1      | Found Pogeenut's Book Shoppe.
   245 | D:1      | XOM: potion effect (curing)
   328 | D:1      | Reached skill level 2 in Fighting
   540 | D:1      | XOM: silly message
   696 | D:1      | XOM: god gift: 23 arrows
   852 | D:2      | Noticed Jessica
   853 | D:2      | XOM: butterfly on damage
   858 | D:2      | XOM: divination: detect items
   860 | D:2      | Killed Jessica
   861 | D:2      | Reached XP level 3. HP: 19/35 MP: 2/2
  1012 | D:2      | Reached XP level 4. HP: 38/44 MP: 3/3
  1094 | D:2      | XOM: stat loss: -1 Dex (17/18)
  1171 | D:2      | XOM: polymorph gnoll -> iguana
  1175 | D:2      | XOM: confuse monster(s)
  1188 | D:2      | Reached XP level 5. HP: 51/52 MP: 4/4
  1281 | D:2      | XOM: silly message
  1398 | D:2      | XOM: silly message
  1850 | D:3      | Found a shadowy altar of Dithmenos.
  1866 | D:3      | XOM: smoke on damage
  1898 | D:3      | Reached skill level 3 in Fighting
  1958 | D:3      | XOM: 1-stop teleportation journey
  1987 | D:3      | Identified the ring "Leph" {rPois rCorr Dex+2}
  2120 | D:3      | Found a glowing golden altar of the Shining One.
  2393 | D:4      | Noticed a black bear
  2395 | D:4      | Killed a black bear
  2396 | D:4      | Reached XP level 6. HP: 61/61 MP: 5/5
  2438 | D:4      | Reached skill level 5 in Throwing
  2473 | D:4      | XOM: 9-stop teleportation journey
  2526 | D:4      | XOM: give mutations
  2526 | D:4      | Gained mutation: You have an increased reservoir of magic.
                  | (+10% MP) [Xom's grace]
  2526 | D:4      | Gained mutation: You are partially covered in iridescent
                  | scales. (AC +2) [Xom's grace]
  2526 | D:4      | Gained mutation: You have supernaturally acute eyesight.
                  | (SInv) [Xom's grace]
  2582 | D:4      | Reached XP level 7. HP: 68/68 MP: 6/6
  2694 | D:4      | Reached skill level 4 in Fighting
  2731 | D:4      | Identified the +4 scale mail of Xanyab {-Tele Will++ Dex+2}
  2768 | D:4      | XOM: cleaving
  3115 | D:4      | XOM: divine lightning
  3140 | D:5      | Entered Level 5 of the Dungeon
  3264 | D:5      | Reached XP level 8. HP: 69/79 MP: 7/7
  3381 | D:5      | XOM: polymorph orc warrior -> jelly
  3387 | D:5      | Reached skill level 5 in Dodging
  3389 | D:5      | Reached skill level 5 in Fighting
  3529 | D:5      | XOM: god gift: spear {god gift}
  3812 | D:5      | XOM: scenery: summon butterflies
  3899 | D:6      | XOM: cast spell 'Summon Ice Beast'
  3915 | D:6      | Found a staircase to the Ecumenical Temple.
  3987 | D:6      | XOM: scenery: create altars
  4153 | D:6      | Reached skill level 6 in Fighting
  4651 | D:7      | XOM: 4-stop teleportation journey
  4659 | D:7      | XOM: fog
  4665 | D:7      | Reached XP level 9. HP: 66/92 MP: 8/8
  4680 | D:7      | Found Lutecha's Jewellery Emporium.
  4778 | D:7      | Found a burning altar of Makhleb.
  4787 | D:7      | Found a hazy altar of Hepliaklqana.
  4890 | D:7      | Reached skill level 1 in Maces & Flails
  5014 | D:7      | XOM: scenery: 1 doors close
  5321 | D:7      | XOM: god gift: great sword {god gift}
  5385 | D:7      | XOM: scenery: summon butterflies
  5498 | D:7      | XOM: give mutations
  5498 | D:7      | Gained mutation: You are agile. (Dex +2) [Xom's grace]
  5498 | D:7      | Gained mutation: Your muscles are strong. (Str +2) [Xom's
                  | grace]
  5498 | D:7      | Gained mutation: You have a pair of small antennae on your
                  | head. [Xom's grace]
  5570 | D:8      | Found a sand-covered staircase.
  5580 | Ossuary  | Entered an ossuary
  5676 | Ossuary  | XOM is BORED!
  5676 | Ossuary  | XOM: torment (47/92 hp)
  5861 | Ossuary  | Identified a scroll of acquirement
  5861 | Ossuary  | Acquired a manual of Fighting
  5926 | D:8      | XOM: fog
  5992 | D:8      | XOM: god gift: wand of acid (6)
  5996 | D:8      | XOM: cleaving
  6007 | D:8      | XOM: smoke on damage
  6008 | D:8      | Reached skill level 7 in Fighting
  6304 | D:8      | XOM: 4-stop teleportation journey
  6371 | D:9      | XOM: destruction
  6394 | D:9      | XOM: blink monster(s)
  6424 | D:9      | XOM: give mutations
  6424 | D:9      | Gained mutation: Your system is resistant to poisons.
                  | (rPois) [Xom's grace]
  6424 | D:9      | Gained mutation: You are strong-willed. (Will+) [Xom's
                  | grace]
  6424 | D:9      | Gained mutation: Your mind is acute. (Int +2) [Xom's grace]
  6424 | D:9      | Gained mutation: You have a considerably increased
                  | reservoir of magic. (+20% MP) [Xom's grace]
  6451 | D:9      | Found a staircase to the Lair.
  6457 | D:9      | Reached skill level 5 in Maces & Flails
  6599 | D:9      | Noticed a two-headed ogre
  6600 | D:9      | a two-headed ogre changed into a swamp worm
  6600 | D:9      | XOM: polymorph two-headed ogre -> swamp worm
  6608 | D:9      | XOM: scenery: summon butterflies
  6617 | D:9      | XOM: scenery: summon butterflies
  6644 | D:9      | Reached XP level 10. HP: 66/104 MP: 11/11
  6738 | D:9      | Found a staircase to the Orcish Mines.
  6786 | D:9      | Found a flagged portal.
  6814 | Bailey   | Entered a bailey
  6819 | Bailey   | Noticed an orc warlord
  6905 | Bailey   | XOM: scenery: 1 doors close
  6914 | Bailey   | Reached skill level 8 in Fighting
  6961 | Bailey   | Found a runed translucent gate.
  6961 | Bailey   | Found a runed translucent gate.
  6961 | Bailey   | Found a runed translucent gate.
  6961 | Bailey   | XOM: give mutations
  6961 | Bailey   | Gained mutation: You are mostly covered in iridescent
                  | scales. (AC +4) [Xom's grace]
  6961 | Bailey   | Gained mutation: You have large cloven feet. [Xom's grace]
  6961 | Bailey   | Gained mutation: You passively map a small area around you.
                  | [Xom's grace]
  6961 | Bailey   | Gained mutation: You are resistant to electric shocks.
                  | (rElec) [Xom's grace]
  7159 | Bailey   | Killed an orc warlord
  7189 | Bailey   | Acquired a manual of Fighting
  7359 | D:9      | XOM: cleaving
  7383 | D:9      | Found Feudyry's Antique Weapon Emporium.
  7495 | D:9      | Found a broken altar of Ashenzari.
  7533 | D:9      | XOM: scenery: create altars
  7652 | D:9      | XOM: cloud trail
  7711 | D:9      | XOM: god gift: 29 sling bullets
  7766 | D:10     | Entered Level 10 of the Dungeon
  7845 | D:10     | XOM: blink monster(s)
  7858 | D:10     | Reached skill level 9 in Fighting
  7941 | D:10     | Noticed Maurice
  7957 | D:10     | Killed Maurice
  8001 | D:10     | Found an ancient bone altar of Kikubaaqudgha.
  8052 | D:10     | Found a shimmering blue altar of Sif Muna.
  8053 | D:10     | Found an iron altar of Okawaru.
  8108 | D:10     | XOM: silly message
  8190 | D:10     | Noticed a two-headed ogre
  8196 | D:10     | Killed a two-headed ogre
  8197 | D:10     | Reached XP level 11. HP: 110/117 MP: 12/12
  8233 | D:10     | Paralysed by a hornet for 2 turns
  8435 | D:10     | XOM: divination: magic mapping
  8467 | D:10     | XOM is BORED!
  8635 | D:10     | Noticed a two-headed ogre
  8639 | D:10     | Killed a two-headed ogre
  8640 | D:10     | Reached skill level 10 in Fighting
  8829 | D:10     | XOM: silly message
  9730 | D:12     | Found Hoteorap's Overcharged Wands.
  9731 | D:12     | Noticed a six-headed hydra
  9733 | D:12     | XOM: noise
  9735 | D:12     | Killed a six-headed hydra
  9740 | D:12     | Noticed a boulder beetle
  9753 | D:12     | XOM: smoke on damage
  9754 | D:12     | Killed a boulder beetle
  9817 | D:12     | Noticed a two-headed ogre
  9824 | D:12     | Killed a two-headed ogre
  9835 | D:12     | XOM: 1-stop teleportation journey
  9911 | D:12     | Noticed a two-headed ogre
  9916 | D:12     | Killed a two-headed ogre
  9917 | D:12     | Reached skill level 11 in Fighting
  9949 | D:12     | Noticed a six-headed hydra
  9953 | D:12     | Killed a six-headed hydra
  9954 | D:12     | Reached skill level 10 in Maces & Flails
  9978 | D:12     | Noticed a five-headed hydra
  9980 | D:12     | XOM: enchant monster (good)
 10005 | D:12     | Killed a five-headed hydra
 10018 | D:12     | XOM: summons 2 hostile demons
 10025 | D:12     | Reached XP level 12. HP: 118/130 MP: 13/13
 10052 | D:12     | XOM: 2-stop teleportation journey
 10102 | D:12     | Noticed Rupert
 10107 | D:12     | XOM: swap monsters
 10117 | D:11     | XOM: summons friendly white imp
 10132 | D:11     | XOM: fake destruction
 10168 | D:11     | Killed Rupert
 10196 | D:11     | XOM: scenery: 2 doors close
 10270 | D:12     | XOM: divination: detect items
 10318 | D:12     | Noticed a two-headed ogre
 10322 | D:12     | XOM: chaos upgrade
 10324 | D:12     | Killed a two-headed ogre
 10411 | D:12     | XOM: summons 2 friendly demons
 10412 | D:12     | XOM: silly message
 10611 | D:12     | XOM: 2-stop teleportation journey
 10735 | D:12     | XOM: divination: magic mapping
 10938 | Lair:1   | Entered Level 1 of the Lair of Beasts
 11095 | Lair:1   | XOM is BORED!
 11156 | Lair:1   | XOM: fake destruction
 11171 | Lair:1   | Reached skill level 12 in Fighting
 11341 | Lair:1   | XOM: god gift: 56 gold pieces
 11544 | Lair:1   | Reached skill level 1 in Armour
 11589 | Lair:1   | XOM: cast spell 'Summon Mana Viper'
 11601 | Lair:1   | XOM: polymorph mana viper -> lindwurm
 11835 | Lair:1   | Reached skill level 10 in Dodging
 12093 | Lair:2   | XOM: summons 8 friendly demons
 12166 | Lair:2   | Noticed a seven-headed hydra
 12170 | Lair:2   | Killed a seven-headed hydra
 12246 | Lair:2   | XOM: 9-stop teleportation journey
 12260 | Lair:2   | Noticed Sonja
 12260 | Lair:2   | XOM: summons 2 friendly demons
 12266 | Lair:2   | XOM: summons 4 friendly demons
 12267 | Lair:2   | XOM: summons 2 friendly demons
 12274 | Lair:2   | Killed Sonja
 12308 | Lair:2   | XOM: scenery: create altars
 12311 | Lair:2   | XOM: give mutations
 12311 | Lair:2   | Lost mutation: You are resistant to electric shocks.
                  | (rElec) [Xom's mischief]
 12311 | Lair:2   | Lost mutation: You are mostly covered in iridescent scales.
                  | (AC +4) [Xom's mischief]
 12311 | Lair:2   | Lost mutation: You have large cloven feet. [Xom's mischief]
 12344 | Lair:2   | XOM: scenery: create altars
 12352 | Lair:2   | Noticed a seven-headed hydra
 12356 | Lair:2   | XOM: cleaving
 12365 | Lair:2   | XOM: scenery: summon butterflies
 12367 | Lair:2   | XOM: confuse monster(s)
 12373 | Lair:2   | Killed a seven-headed hydra
 12434 | Lair:2   | XOM: god gift: 20 gold pieces
 12577 | Lair:2   | XOM: god gift: 24 sling bullets
 12723 | Lair:2   | XOM: summons 7 hostile demons
 12803 | Lair:3   | XOM: summons 12 friendly demons
 12905 | Lair:3   | Reached XP level 13. HP: 134/134 MP: 14/14
 13004 | Lair:3   | XOM: cast spell 'Summon Hydra'
 13152 | Lair:3   | Identified the +1 cloak of Impermeability {rF+ rN+ Stlth-}
 13224 | Lair:3   | Found a staircase to the Snake Pit.
 13655 | Lair:4   | XOM: fog
 13666 | Lair:4   | XOM: cast spell 'Summon Mana Viper'
 13940 | Lair:4   | XOM: enchant monster (bad)
 13944 | Lair:4   | Reached skill level 13 in Fighting
 13967 | Lair:4   | XOM: cast spell 'Leda's Liquefaction'
 13992 | Lair:4   | Found a staircase to the Shoals.
 14262 | Lair:4   | XOM: summons 3 friendly demons
 14266 | Lair:4   | XOM: summons 3 friendly demons
 14818 | Lair:5   | XOM: cleaving
 14819 | Lair:5   | XOM: 6-stop teleportation journey
 14987 | Lair:4   | XOM: god gift: scroll of blinking
 15104 | Lair:1   | XOM: silly message
 15324 | Lair:5   | XOM: cast spell 'Summon Horrible Things'
 15343 | Lair:5   | XOM: 2-stop teleportation journey
 15416 | Lair:5   | XOM: enchant monster (good)
 15453 | Lair:5   | XOM: confuse monster(s)
 15456 | Lair:5   | XOM: divination: magic mapping
 15457 | Lair:5   | XOM: divination: detect creatures
 15479 | Lair:5   | XOM: potion effect (brilliance)
 15503 | Lair:5   | XOM: cast spell 'Call Canine Familiar'
 15674 | Lair:5   | Found a runed translucent door.
 15675 | Lair:5   | Found a viscous altar of Jiyva.
 15675 | Lair:5   | Found a staircase to the Slime Pits.
 15783 | Lair:5   | XOM: noise
 16042 | Lair:6   | Entered Level 6 of the Lair of Beasts
 16046 | Lair:6   | XOM: divination: magic mapping
 16069 | Lair:5   | XOM: divination: detect items
 16081 | Lair:5   | XOM: noise
 16207 | Lair:5   | Reached skill level 5 in Armour
 16210 | Lair:6   | XOM: potion effect (brilliance)
 16213 | Lair:6   | XOM: divination: detect items
 16253 | Lair:5   | XOM: confuse monster(s)
 16259 | Lair:5   | XOM: cast spell 'Summon Ice Beast'
 16411 | Lair:6   | XOM: polymorph yak -> fire crab
 16418 | Lair:6   | Reached XP level 14. HP: 135/154 MP: 15/15
 16519 | Lair:6   | XOM: summons 14 friendly demons
 16529 | Lair:5   | Reached skill level 14 in Fighting
 16558 | Lair:6   | XOM: 5-stop teleportation journey
 16658 | Lair:6   | XOM: swap monsters
 16671 | Lair:6   | XOM: swap monsters
 16689 | Lair:6   | XOM: summons friendly shadow imp
 16694 | Lair:6   | XOM: 3-stop teleportation journey
 16696 | Lair:6   | XOM: stat loss: -1 Str (24/25)
 16699 | Lair:6   | XOM: enchant monster (bad)
 16749 | Lair:6   | XOM is BORED!
 16749 | Lair:6   | XOM: summons 1 hostile demon
 16849 | Lair:6   | XOM: give mutations
 16849 | Lair:6   | Gained mutation: You sometimes lose the ability to read
                  | scrolls when taking damage. [Xom's mischief]
 16849 | Lair:6   | Lost mutation: You sometimes lose the ability to read
                  | scrolls when taking damage. [Xom's mischief]
 16849 | Lair:6   | Lost mutation: Your system is resistant to poisons. (rPois)
                  | [Xom's mischief]
 16857 | Lair:6   | XOM: divination: magic mapping
 16893 | Lair:6   | XOM: divination: detect creatures
 16899 | Lair:6   | XOM: summons 4 friendly demons
 16936 | Lair:6   | XOM: divination: detect creatures
 16943 | Lair:6   | XOM: divination: detect creatures
 16945 | Lair:6   | XOM: scenery: create altars
 16960 | Lair:6   | XOM: destruction
 16966 | Lair:6   | XOM: confuse monster(s)
 16995 | Lair:6   | XOM: divination: detect items
 17023 | Lair:6   | XOM: confuse monster(s)
 17024 | Lair:6   | XOM: smoke on damage
 17459 | Lair:6   | XOM: enchant monster (bad)
 17698 | Lair:6   | XOM: 5-stop teleportation journey
 17743 | Lair:6   | XOM: summons 2 friendly demons
 17765 | Lair:6   | XOM: give mutation
 17765 | Lair:6   | Gained mutation: You are mostly covered in iridescent
                  | scales. (AC +4) [Xom's grace]
 17813 | Lair:6   | XOM: cast spell 'Call Canine Familiar'
 17835 | Lair:6   | XOM: confusion (+ monsters)
 17835 | Lair:6   | XOM: smoke on damage
 17898 | Lair:6   | XOM: enchant monster (good)
 17933 | Lair:6   | XOM: silly message
 18044 | Lair:6   | XOM: scenery: 3 doors close
 18098 | Lair:6   | XOM: chaos cloud
 18119 | Lair:6   | XOM: draining
 18171 | Lair:6   | Noticed an emperor scorpion
 18171 | Lair:6   | a dire elephant changed into an emperor scorpion
 18171 | Lair:6   | XOM: polymorph dire elephant -> emperor scorpion
 18187 | Lair:6   | XOM: summons 1 hostile demon
 18207 | Lair:6   | XOM: noise
 18238 | Lair:6   | Killed an emperor scorpion
 18239 | Lair:6   | Reached skill level 15 in Fighting
 19092 | D:13     | Reached skill level 15 in Maces & Flails
 19092 | D:13     | Reached XP level 15. HP: 116/163 MP: 17/17
 19215 | D:13     | XOM: scenery: create altars
 19225 | D:13     | XOM: chaos upgrade
 19244 | D:13     | XOM: silly message
 19571 | D:13     | XOM: cloud trail
 19769 | D:13     | XOM: confuse monster(s)
 19775 | D:13     | XOM: noise
 19782 | D:13     | XOM: stat loss: -1 Str (27/28)
 19785 | D:13     | XOM: swap monsters
 20050 | D:13     | XOM: give mutations
 20050 | D:13     | Lost mutation: You are strong-willed. (Will+) [Xom's
                  | mischief]
 20050 | D:13     | Gained mutation: You have hidden genetic potential. [Xom's
                  | mischief]
 20050 | D:13     | Lost mutation: You have a pair of small antennae on your
                  | head. [Xom's mischief]
 20052 | D:13     | XOM: 4-stop teleportation journey
 20132 | D:13     | XOM: stat loss: -1 Int (8/9)
 20488 | D:13     | Found a gate to the Vaults.
 20497 | D:13     | XOM: confuse monster(s)
 20500 | D:13     | XOM: give mutations
 20500 | D:13     | Lost mutation: You have a considerably increased reservoir
                  | of magic. (+20% MP) [Xom's mischief]
 20500 | D:13     | Lost mutation: You are agile. (Dex +2) [Xom's mischief]
 20500 | D:13     | Gained mutation: You are clumsy. (Dex -2) [Xom's mischief]
 20839 | D:14     | XOM: repel stairs
 20911 | D:14     | XOM: noise
 20919 | D:14     | XOM: chaos upgrade
 20921 | D:14     | XOM: 1-stop teleportation journey
 20932 | D:14     | XOM: scenery: create altars
 20940 | D:14     | XOM: cleaving
 20941 | D:14     | XOM: fog
 20963 | D:14     | Reached skill level 16 in Fighting
 21029 | D:15     | Entered Level 15 of the Dungeon
 21078 | D:14     | XOM: summons friendly white imp
 21134 | D:14     | XOM: divine lightning
 21175 | D:14     | XOM: scenery: summon butterflies
 21799 | D:15     | XOM: give mutations
 21799 | D:15     | Gained mutation: You are completely covered in iridescent
                  | scales. (AC +6) [Xom's grace]
 21799 | D:15     | Gained mutation: Your flesh is cold resistant. (rC+) [Xom's
                  | grace]
 21799 | D:15     | Gained mutation: You are robust. (+10% HP) [Xom's grace]
 21799 | D:15     | Gained mutation: You have sharp toenails. [Xom's grace]
 21901 | D:15     | XOM: 4-stop teleportation journey
 21913 | D:15     | XOM: blink monster(s)
 21927 | D:15     | Reached skill level 1 in Evocations
 22143 | D:15     | Found a staircase to the Depths.
 22143 | D:15     | XOM: divination: detect items
 22145 | D:15     | XOM: summons friendly ufetubus
 22281 | D:15     | XOM: god gift: scarf of invisibility
 22600 | D:15     | XOM: give mutation
 22600 | D:15     | Lost mutation: You are clumsy. (Dex -2) [Xom's grace]
 22602 | D:15     | XOM: god gift: potion of magic
 22614 | D:15     | Reached XP level 16. HP: 166/198 MP: 16/16
 22625 | D:15     | XOM: smoke on damage
 22631 | D:15     | XOM: summons friendly quasit
 22764 | D:10     | XOM: divination: magic mapping
 22803 | Orc:1    | Entered Level 1 of the Orcish Mines
 22842 | Orc:1    | XOM: 1-stop teleportation journey
 23041 | Orc:1    | XOM: 1-stop teleportation journey
 23044 | Orc:1    | XOM: enchant monster (bad)
 23297 | Orc:2    | Entered Level 2 of the Orcish Mines
 23297 | Orc:2    | Noticed Josephine
 23305 | Orc:1    | XOM: scenery: create altars
 23313 | Orc:1    | Killed Josephine
 23531 | Orc:2    | Found a staircase to the Elven Halls.
 23555 | Orc:2    | Noticed Jorgrun
 23575 | Orc:2    | Killed Jorgrun
 23584 | Orc:2    | Gained mutation: Your mind is very acute. (Int +4) [hidden
                  | potential]
 23844 | Orc:2    | XOM: noise
 23944 | Orc:2    | XOM: noise
 23959 | Orc:2    | XOM: polymorph orc warlord -> frost giant
 24106 | Orc:2    | XOM: summons friendly iron imp
 24126 | Orc:2    | XOM: give mutation
 24126 | Orc:2    | Lost mutation: You are completely covered in iridescent
                  | scales. (AC +6) [Xom's mischief]
 24192 | Orc:2    | XOM: silly message
 24194 | Orc:2    | XOM: summons friendly crimson imp
 24221 | Orc:2    | XOM: smoke on damage
 24226 | Orc:2    | XOM: noise
 24294 | Orc:2    | Found Qeadan's Antique Armour Emporium.
 24319 | Orc:2    | Found Iclawef's Book Emporium.
 24340 | Orc:2    | Found Tytyll's Antique Weapon Emporium.
 24347 | Orc:2    | Found Meurr's General Store.
 24478 | Orc:2    | Bought 2 potions of curing for 78 gold pieces
 24478 | Orc:2    | Bought a potion of cancellation for 104 gold pieces
 24638 | Orc:2    | XOM: divination: detect creatures
 24980 | Snake:1  | Entered Level 1 of the Snake Pit
 24982 | Snake:1  | XOM: potion effect (curing)
 25053 | Lair:3   | Reached skill level 10 in Armour
 25121 | Snake:1  | Found a runed translucent gate.
 25121 | Snake:1  | Found a runed translucent gate.
 25130 | Snake:1  | Found a runed translucent gate.
 25175 | Snake:2  | XOM: cast spell 'Statue Form'
 25475 | Snake:1  | XOM: fake destruction
 25511 | Snake:1  | XOM: scenery: create altars
 25512 | Snake:1  | XOM: summons friendly hellwing
 25587 | Snake:1  | Found Uranemut's Antique Weapon Emporium.
 25591 | Snake:1  | Found Viefis's Antique Armour Shoppe.
 25601 | Snake:1  | Bought runed swamp dragon scales for 1378 gold pieces
 25744 | Snake:1  | XOM: cloud trail
 25935 | Snake:1  | XOM: scenery: create altars
 26281 | Snake:2  | XOM: cast spell 'Statue Form'
 26312 | Snake:2  | XOM: confusion
 26539 | Snake:2  | XOM: scenery: 1 doors close
 26541 | Snake:2  | XOM: summons 11 friendly demons
 26542 | Snake:2  | XOM: chaos upgrade
 26846 | Snake:2  | XOM: 1-stop teleportation journey
 27119 | Snake:2  | XOM: destruction
 27139 | Snake:1  | XOM: snakes to sticks
 27171 | Snake:1  | XOM: give mutations
 27171 | Snake:1  | Lost mutation: You are robust. (+10% HP) [Xom's mischief]
 27171 | Snake:1  | Lost mutation: You are mostly covered in iridescent scales.
                  | (AC +4) [Xom's mischief]
 27232 | Snake:2  | XOM: summons 3 hostile shadow creatures
 27234 | Snake:2  | XOM: enchant monster (bad)
 27757 | Snake:2  | XOM: stat loss: -1 Str (27/28)
 27898 | Snake:1  | XOM: stat loss: -1 Str (26/28)
 28118 | Shoals:1 | Entered Level 1 of the Shoals
 28123 | Shoals:1 | Reached skill level 17 in Fighting
 28193 | Shoals:1 | XOM: polymorph manticore -> swamp worm
 28204 | Shoals:1 | XOM: swap monsters
 28232 | Shoals:1 | XOM: torment (65/183 hp)
 28270 | Lair:4   | XOM: give mutation
 28270 | Lair:4   | Lost mutation: You have hidden genetic potential. [Xom's
                  | mischief]
 28359 | Shoals:1 | XOM: summons 9 hostile demons
 28476 | Shoals:1 | XOM: draining
 28523 | Shoals:1 | XOM: polymorph white ugly thing -> purple ugly thing
 28553 | Shoals:1 | XOM: give mutations
 28553 | Shoals:1 | Gained mutation: You are clumsy. (Dex -2) [Xom's mischief]
 28553 | Shoals:1 | Lost mutation: You have an increased reservoir of magic.
                  | (+10% MP) [Xom's mischief]
 28553 | Shoals:1 | Lost mutation: Your flesh is cold resistant. (rC+) [Xom's
                  | mischief]
 28583 | Shoals:1 | XOM: fake destruction
 28587 | Shoals:1 | XOM: summons friendly shadow imp
 28646 | Lair:4   | XOM: god gift: 22 gold pieces
 28652 | Lair:4   | XOM: scenery: summon butterflies
 28720 | Shoals:1 | XOM: polymorph sea snake -> swamp worm
 28733 | Shoals:1 | XOM: chaos cloud
 28736 | Shoals:1 | XOM: 4-stop teleportation journey
 28789 | Shoals:1 | XOM: fog
 28802 | Shoals:1 | XOM: repel stairs
 28912 | Shoals:1 | XOM: swap monsters
 28916 | Shoals:1 | Reached XP level 17. HP: 170/176 MP: 16/16
 28973 | Shoals:1 | XOM: swap monsters
 28993 | Shoals:1 | XOM: silly message
 28998 | Shoals:1 | XOM: summons friendly quasit
 29214 | Shoals:1 | XOM: god gift: scroll of blinking
 29429 | Lair:3   | XOM: summons 3 hostile demons
 29753 | Shoals:1 | Noticed a kraken
 29866 | Shoals:1 | Killed a kraken
 29974 | Shoals:1 | XOM: give mutations
 29974 | Shoals:1 | Lost mutation: You are partially covered in iridescent
                  | scales. (AC +2) [Xom's mischief]
 29974 | Shoals:1 | Lost mutation: Your mind is very acute. (Int +4) [Xom's
                  | mischief]
 29974 | Shoals:1 | Gained mutation: You are frail. (-10% HP) [Xom's mischief]
 30263 | Shoals:2 | HP: 8/168 [faun/stone (11)]
 30263 | Shoals:2 | Killed from afar by a water nymph

Illustrated notes

Levels and vault maps discovered:
D:1:      dpeg_arrival_shrine, layout_basic, chequers_ecumenical_altar_simple,
          serial_shops, nicolae_lakefront_shop, columned_hall_lemuel
D:2:      layout_loops_cross, uniq_jessica
D:3:      layout_basic, lemuel_round_altar, nicolae_dithmenos_the_darkroom,
          kennysheep_pointless_box
D:4:      layout_loops_cross
D:5:      layout_basic
D:6:      layout_rooms, minmay_temple_entry_glass, minivault_25,
          lemuel_old_faithful
D:7:      layout_loops_corners, mainiacjoe_overflow_swirl, serial_shops,
          nicolae_shop_waterfront
D:8:      layout_basic, nicolae_ossuary_entry_ruins
D:9:      layout_basic, kennysheep_little_box, grunt_lair_entry_orc_guard_hut,
          orc_0_dummy, serial_shops, shop, lightli_bailey_entry_fortress
D:10:     old_forge, layout_loops_ring, minitemple, uniq_maurice
D:11:     layout_gridville
D:12:     layout_stronghold, nicolae_shop_overcharged_wands, uniq_rupert
D:13:     minmay_recursive_quarters, layout_layer_cave,
          lightli_vaults_fourway_checkpoint, kennysheep_generic_room_7
D:14:     layout_long_grid, amcnicky_mini_pool_small, kennysheep_dice
D:15:     grunt_enter_depths_magical_seal, layout_stronghold,
          chequers_serial_rivers_small_b
Lair:1:   layout_cave_pods, nicolae_lair_lindhole, grunt_megastairs_4
Lair:2:   layout_chaotic_city, uniq_sonja
Lair:3:   layout_gridlike, guppyfry_snake_entry_garden, st_stairs_10,
          lemuel_fruit_tree
Lair:4:   layout_cave_pods, minmay_shoals_entry_lonely_mermaid
Lair:5:   layout_roguey, slime_altar_2
Lair:6:   due_jungle_book, layout_small_grid, grunt_megastairs_2
Shoals:1: layout_shoals, portal_ice_cave_entry_ugly_swarm
Shoals:2: layout_shoals
Snake:1:  layout_misc_corridors, nicolae_snake_horde_hoard, minmay_shoptagon
Snake:2:  layout_gridlike, serial_bayou_shore_b
Orc:1:    layout_caves
Orc:2:    grunt_orc_cross, layout_caves, nicolae_orc_lava_room, uniq_jorgrun,
          uniq_josephine

Skill      XL: |  1  2  3  4  5  6  7  8  9 10 11 12 13 14 15 16 |
---------------+-------------------------------------------------+-----
Fighting       | 2 3 4 6 7 9 11 12 13 15 16 17 | 17.1
Dodging        | 2 3 4 6 7 8 9 10 11 12 13 | 13.2
Throwing       | 4 5 6 |  6.0
Maces & Flails | 5 7 10 12 13 15 | 15.4
Armour         | 2 5 6 9 11 | 11.4
Evocations     | 1 4 |  4.7
Stealth        | |  0.3

Action                   |  1- 3 |  4- 6 |  7- 9 | 10-12 | 13-15 | 16-18 || total
-------------------------+-------+-------+-------+-------+-------+-------++-------
Melee: Short sword       |    74 |       |       |       |       |       ||    74
       Unarmed           |    27 |   172 |   134 |       |       |       ||   333
       Punch             |       |     1 |     1 |       |       |       ||     2
       Dire flail        |       |       |   332 |   600 |  1387 |   697 ||  3016
       Kick              |       |       |       |   187 |    37 |   300 ||   524
 Fire: Hunting sling     |       |       |    18 |       |     8 |       ||    26
Throw: Large rock        |       |     2 |     3 |    44 |    76 |   105 ||   230
       Throwing net      |       |     2 |       |     1 |       |       ||     3
       Dart              |       |       |       |     1 |    29 |     5 ||    35
       Boomerang         |       |       |       |       |    10 |    29 ||    39
       Javelin           |       |       |       |       |       |     1 ||     1
Evoke: Wand              |       |       |       |     9 |     9 |    13 ||    31
       Tin of tremorston |       |       |       |       |     2 |     2 ||     4
  Use: Scroll            |       |     3 |    19 |     5 |    10 |     3 ||    40
       Potion            |       |       |       |     4 |     6 |    12 ||    22
 Stab: Sleeping          |     1 |     6 |     2 |     5 |       |       ||    14
       Held in net/web   |       |     1 |       |     3 |       |       ||     4
       Distracted        |       |       |       |     1 |     3 |     1 ||     5
       Petrifying        |       |       |       |       |     2 |       ||     2
       Confused          |       |       |       |       |    18 |     8 ||    26
       Paralysed         |       |       |       |       |     4 |     1 ||     5
Armor: Robe              |    54 |    38 |   183 |    61 |       |       ||   336
       Troll leather arm |       |       |       |   158 |   384 |    76 ||   618
       Swamp dragon scal |       |       |       |       |       |   127 ||   127
       Skin              |       |       |       |       |       |    68 ||    68
Dodge: Dodged            |    46 |    90 |   384 |   601 |  1077 |   645 ||  2843
